AoeStats
← b站江条

Arabia

504856383Analyzed
1v1 RM · 26d ago on Sep 6, 2026· 50m 25s· 2 players
Game mode
Random Map
Map size
Tiny (2 player)
Population
200
Speed
Normal
Resources
Standard
Victory
Conquest
Starting age
Dark Age
Ending age
Imperial Age
RankedLock teamsTeams togetherTeam positionsShared explorationLock speedFull tech treeHidden civsTurbo modeCheats
Victory
Defeat
🇨🇳 Maya · China
1325
+15
🇷🇴 Franks · Romania
1304
-15
LowRay
9:56 Feudal Age
10:59 Double-Bit Axe
15:56 Loom
19:38 Castle Age
17:55 Scale Barding Armor
18:38 Forging
24:32 Elite Skirmisher
27:36 Fletching
29:48 Gold Mining
31:51 Husbandry
31:59 Padded Archer Armor
32:18 Town Watch
50:02 Chain Barding Armor
50:18 Iron Casting
b站江条
0:25 Loom
8:46 Feudal Age
9:31 Double-Bit Axe
15:19 Horse Collar
17:45 Fletching
22:06 Castle Age
21:18 Gold Mining
21:29 Padded Archer Armor
22:40 Scale Mail Armor
22:49 Bodkin Arrow
22:15 Crossbowman
23:20 Bow Saw
24:08 Pikeman
31:32 Heavy Plow
33:12 Ballistics
36:09 Imperial Age
35:05 Stone Mining
37:30 Stone Shaft Mining
38:36 Wheelbarrow
38:27 Conscription
39:07 Guilds
40:49 Arbalester
42:06 Treadmill Crane
43:58 Two-Man Saw
44:56 Hand Cart
45:36 Bracer
47:04 Chemistry
47:16 Thumb Ring
48:11 Town Watch
Connection lost

Rejoining the realm…

Still unreachable

The connection could not be restored.

Session expired

The server has moved on; the page needs a fresh start.